Map: Acid Plant LE

Players

jprogramer - Winner!

  • Race: Protoss Protoss
  • Spawn Location: 5:00

A.I. 1 (Very Easy)

  • Race: Terran Terran
  • Spawn Location: 11:00

VOD

Have the link to the VOD?

Description

Time

  • Played on: March 26, 2018, 12:51 p.m.
  • Length: 7:44
Show
View Real Time Build Order
Export as new Build Order

jprogramer Protoss - Winner!

Build Orders: 1 Gate Expand, Oracle Opening, Phoenix Opening, Zealot Archon 

Get SALT Encoding   

  6  0:00  Probe  
  13  0:12  Probe  
  14  0:19  Pylon  
  14  0:24  Probe  
  15  0:37  Probe (Chrono Boost)  
  15  0:42  Gateway  
  16  0:46  Probe (Chrono Boost)  
  17  0:51  Assimilator  
  17  0:52  Probe (Chrono Boost)  
  18  1:04  Probe (Chrono Boost)  
  20  1:11  Probe (Chrono Boost)  
  20  1:28  Nexus  
  20  1:37  Cybernetics Core  
  20  1:42  Probe  
  21  1:47  Assimilator  
  21  1:54  Probe  
  21  1:57  Pylon  
  22  2:06  Probe  
  23  2:13  Adept (Chrono Boost)  
  25  2:21  Stargate  
  25  2:22  Probe  
  26  2:25  Warp Gate  
  26  2:36  Probe (Chrono Boost)  
  27  2:41  Stalker  
  27  2:42  Probe (Chrono Boost)  
  32  2:52  Probe x2 (Chrono Boost)  
  32  2:58  Probe  
  32  2:59  Probe  
  32  3:02  Oracle (Chrono Boost)  
  37  3:11  Probe  
  38  3:13  Pylon  
  38  3:14  Probe  
  39  3:21  Gateway  
  39  3:23  Probe  
  39  3:26  Probe  
  41  3:33  Phoenix  
  43  3:35  Probe  
  43  3:38  Probe  
  45  3:44  Assimilator  
  45  3:47  Probe  
  45  3:48  Assimilator  
  46  3:50  Probe  
  46  3:53  Robotics Facility  
  47  4:02  Twilight Council  
  47  4:14  Probe x2  
  49  4:20  Pylon  
  49  4:24  Gateway  
  49  4:26  Probe x2  
  49  4:28  Gateway  
  51  4:34  Gateway  
  51  4:38  Probe x2  
  53  4:40  Gateway  
  53  4:46  Pylon  
  53  4:47  Warp Prism (Chrono Boost)  
  55  5:01  Templar Archives  
  55  5:06  Charge  
  55  5:07  Zealot x2  
  55  5:10  Probe  
  55  5:11  Probe  
  61  5:16  Pylon  
  61  5:33  Nexus  
  61  5:43  High Templar x3  
  61  5:44  High Templar  
  61  5:45  Zealot x2  
  73  5:55  Observer  
  73  5:56  Pylon  
  74  5:57  Archon x2  
  74  5:58  Pylon  
  74  6:08  Pylon  
  74  6:13  Pylon  
  74  6:21  Zealot x5  
  74  6:22  Zealot  
  86  6:29  Immortal (Chrono Boost)  
  90  6:45  Zealot x3  
  90  6:46  Zealot x3  
  102  7:14  Stalker  
  104  7:16  Stalker x2  
  104  7:17  Stalker  
  104  7:18  Stalker  
  104  7:19  Stalker  
Show
View Real Time Build Order
Export as new Build Order

A.I. 1 (Very Easy) Terran 

Build Orders:  

Get SALT Encoding   

  6  0:00  SCV  
  13  0:13  SCV  
  14  0:18  Supply Depot  
  14  0:36  Refinery  
  14  0:42  Barracks  
  14  1:06  Supply Depot  
  14  1:13  Refinery  
  14  1:30  Marine  
  14  1:31  Orbital Command  
  15  1:57  SCV  
  16  2:05  Marine  
  17  2:09  SCV  
  18  2:21  SCV  
  19  2:33  SCV  
  20  2:40  Marine  
  21  2:45  SCV  
  22  2:58  SCV  
  23  5:57  SCV  
  23  5:58  Marine  
  23  6:00  Supply Depot  
  23  6:03  Factory  
  25  6:09  SCV  
  24  6:21  SCV  
  24  6:24  Supply Depot  
  24  6:29  Marine  
  25  6:34  SCV  
  26  6:41  Command Center  
  26  6:46  SCV  
  27  6:49  Barracks Tech Lab  
  27  6:53  Starport  
  27  7:03  Hellion  
  27  7:05  SCV  
  22  7:17  SCV  
  14  7:29  SCV  
  7  7:33  Starport  
Tags
 
Add a new tag
Caveats
  • Supply blocks, unpowered buildings, or Contaminate may cause inaccurate times.
  • Supply counts are checked every 10 seconds.